 Dungeon Crawl Stone Soup version 0.24.0-123-gd5b16e6ec5 (webtiles) character file.

Game seed: 15502681215041592069, levelgen mode: deterministic

144 Norian the Conjurer (level 5, -8/28 HPs)
             Began as a Deep Elf Conjurer on Dec 19, 2019.
             Mangled by an ice beast (11 damage)
             ... on level 3 of the Dungeon.
             The game lasted 00:03:16 (1794 turns).

Norian the Conjurer (Deep Elf Conjurer)             Turns: 1794, Time: 00:03:17

Health: -8/28      AC:  3    Str:  6    XL:     5   Next: 5%
Magic:  3/14       EV: 13    Int: 20    God:
Gold:   106        SH:  0    Dex: 15    Spells: 5/14 levels left

rFire    . . .     SeeInvis .   n - +0 dagger
rCold    . . .     Gourm    .   (no shield)
rNeg     . . .     Faith    .   a - +0 robe
rPois    .         Spirit   .   (no helmet)
rElec    .         Reflect  .   o - +0 cloak
rCorr    .         Harm     .   (no gloves)
MR       .....                  (no boots)
Stlth    ++........             (no amulet)
HPRegen  0.09/turn              (no ring)
MPRegen  0.14/turn              (no ring)

@: no status effects
A: no striking features
a: no special abilities


You were on level 3 of the Dungeon.
You were not hungry.

You visited 1 branch of the dungeon, and saw 3 of its levels.

You collected 106 gold pieces.

Inventory:

Hand Weapons
 n - a +0 dagger (weapon)
Armour
 a - a +0 robe (worn)
 o - a +0 cloak (worn)
Jewellery
 f - an uncursed ring of protection from magic {unknown}
Scrolls
 d - 2 scrolls of teleportation {unknown}
 e - 2 scrolls of remove curse {unknown}
 g - a scroll of blinking {unknown}
 i - a scroll of fog {unknown}
 p - a scroll of identify {unknown}
Potions
 b - 2 potions of berserk rage {unknown}
 h - 2 potions of mutation {unknown}
 j - 2 potions of degeneration {unknown}
 k - a potion of haste {unknown}
 l - a potion of heal wounds {unknown}
 m - a potion of curing {unknown}
Comestibles
 c - 4 rations


   Skills:
 - Level 2.4 Dodging
 - Level 2.4 Stealth
 + Level 5.4 Spellcasting
 + Level 5.8 Conjurations


You had 5 spell levels left.
You knew the following spells:

 Your Spells              Type           Power        Failure   Level  Hunger
a - Magic Dart            Conj           ####         1%          1    None
b - Iskenderun's Mystic   Conj           ####....     10%         4    ####...
c - Fulminant Prism       Conj/Hex       ###.......   32%         4    ####...

Your spell library contained the following spells:

 Spells                   Type           Power        Failure   Level  Hunger
 Searing Ray              Conj           ####..       1%          2    None
 Dazzling Spray           Conj/Hex       ###...       10%         3    ##.....
 Beastly Appendage        Tmut           #.....       11%         1    None
 Sticks to Snakes         Tmut           #.......     17%         2    None
 Spider Form              Tmut/Pois      #.........   32%         3    ##.....
 Force Lance              Conj/Tloc      ###.....     32%         4    ####...
 Ice Form                 Ice/Tmut       #.......     73%         4    ####...
 Blade Hands              Tmut           #.........   97%         5    #####..


Dungeon Overview and Level Annotations

Branches:
Dungeon (3/15)

Altars:
Nemelex Xobeh

Annotations:
D:2 1 runed translucent door, Crazy Yiuf


Message History

Casting: Magic Dart (safe; 1% risk of failure)
Confirm with . or Enter, or press ? or * to list all spells.
Aiming: Magic Dart (safe; 1% risk of failure)
Press: ? - help, Shift-Dir - straight line, f/p - ice beast
Aim: an ice beast (severely wounded)
The magic dart hits the ice beast.
The ice beast is almost dead.
The ice beast hits you. The ice beast freezes you!
* * * LOW HITPOINT WARNING * * *
Casting: Magic Dart (safe; 1% risk of failure)
Confirm with . or Enter, or press ? or * to list all spells.
Aiming: Magic Dart (safe; 1% risk of failure)
Press: ? - help, Shift-Dir - straight line, f/p - ice beast
Aim: an ice beast (almost dead)
The magic dart hits the ice beast.
The ice beast is almost dead.
The ice beast hits you.
* * * LOW HITPOINT WARNING * * *
The ice beast freezes you!
You die...

#......##...# #.#
#.......######.###.#
######### #.....# ###.###
####### #.# #.....# #.#
#.....# ###.# #.....#
##..†## #..@..### #.##..#
###.Y.....###.#...#
#.#####.....###.#...#.#.#
#...†<)..#####⌠.⌠.##..)##
#..#..........._..###.##
#. #.##..#.###⌠.⌠## #.#
... #..# #..## #.# .#.
#..>. #.## #.# #...
...#.. .. ..#


You could see an ice beast.

Vanquished Creatures
  Jessica (D:2)
  An orc wizard (D:3)
  4 adders
  An ooze (D:2)
  2 worms
  3 leopard geckos
  2 orcs (D:3)
  A ball python (D:2)
  A bat (D:2)
  A giant cockroach (D:1)
  8 goblins
  10 jackals
  2 kobolds (D:1)
  4 frilled lizards
  2 rats
43 creatures vanquished.

Notes
Turn   | Place    | Note
-------+----------+-------------------------------------------
     0 | D:1      | Norian the Deep Elf Conjurer began the quest for the Orb.
     0 | D:1      | Reached XP level 1. HP: 10/10 MP: 6/6
   173 | D:1      | Reached XP level 2. HP: 15/15 MP: 6/8
   708 | D:2      | Noticed Jessica
   712 | D:2      | Killed Jessica
   712 | D:2      | Reached skill level 5 in Conjurations
   712 | D:2      | Reached XP level 3. HP: 19/19 MP: 4/10
   928 | D:2      | Reached XP level 4. HP: 24/24 MP: 8/12
   979 | D:2      | Learned a level 4 spell: Iskenderun's Mystic Blast
   984 | D:2      | Learned a level 4 spell: Fulminant Prism
  1183 | D:2      | Found a runed translucent door.
  1184 | D:2      | Noticed Crazy Yiuf
  1223 | D:2      | Reached skill level 5 in Spellcasting
  1610 | D:3      | Noticed an ice beast
  1655 | D:3      | Reached XP level 5. HP: 28/28 MP: 4/14
  1768 | D:3      | Found a sparkling altar of Nemelex Xobeh.
  1794 | D:3      | Mangled by an ice beast

Levels and vault maps discovered:
D:1:      dpeg_arrival_ternary, layout_loops_ring, hangedman_decor_points,
          minmay_pentomino_x4
D:2:      layout_loops_ring, first_ration, minmay_misc_feat_enclosed,
          uniq_jessica, uniq_crazy_yiuf_cottage
D:3:      layout_loops_cross, nemelex_xobeh_ov_fountains_minmay, tgw_fedhas,
          chequers_ecumenical_altar_simple

Skill      XL: |  1  2  3  4 |
---------------+-------------+-----
Spellcasting   | 4 5 |  5.4
Conjurations   | 5 |  5.8
Dodging        | |  2.4
Stealth        | |  2.4

Action                   |  1- 3 |  4- 6 || total
-------------------------+-------+-------++-------
 Cast: Magic Dart        |    41 |    63 ||   104
  Eat: Chunk             |       |     2 ||     2
Armor: Robe              |       |     2 ||     2
Dodge: Dodged            |     2 |    19 ||    21
